 Dungeon Crawl Stone Soup version 0.14-a0-2592-g262d02f (webtiles) character file.

34 Lektor the Cudgeler (level 2, 0/19 HPs)
             Began as a Gargoyle Chaos Knight on Feb 12, 2014.
             Was a Plaything of Xom.
             Slain by a kobold (3 damage)
             ... on Level 1 of the Dungeon.
             The game lasted 00:02:15 (440 turns).

Lektor the Cudgeler (Gargoyle Chaos Knight)          Turns: 440, Time: 00:02:16

HP   0/19        AC  8     Str 15      XL: 2   Next: 45%
MP   2/2         EV 10     Int 12      God: Xom
Gold 20          SH  0     Dex  9      Spells:  0 memorised,  1 level left

rFire  . . .     SeeInvis .     a - +0 mace (chaos)
rCold  . . .     Clarity  .     b - +2 leather armour
rNeg   + . .     Conserve .     (no shield)
rPois  +         rCorr    .     (no helmet)
rElec  +         rRot     +     (no cloak)
SustAb . .       Spirit   .     (no gloves)
rMut   .         Warding  .     (no boots)
Saprov . . .     Stasis   .     (no amulet)
MR     .....                    (no ring)
                                (no ring)

@: not resistant to hostile enchantments, very unstealthy
A: life protection 1, electricity resistance, unbreathing, petrification
resistance, AC +2
a: Renounce Religion


You were on level 1 of the Dungeon.
You worshipped Xom.
You were Xom's teddy bear.
You were not hungry.

You visited 1 branch of the dungeon, and saw 1 of its levels.

You collected 20 gold pieces.

Inventory:

Hand weapons
 a - a +0,+0 mace of chaos (weapon)
Armour
 b - a +2 leather armour (worn)
Comestibles
 c - a bread ration
 d - a rotting chunk of rat flesh
 f - a pear
 g - a chunk of kobold flesh
Books
 e - Xom's Compendium of the Guardian
   (Xom gifted it to you on level 1 of the Dungeon)

   Spells                             Type                      Level
   Flame Tongue                       Conjuration/Fire             1
   Throw Flame                        Conjuration/Fire             2
   Static Discharge                   Conjuration/Air              3
   Bolt of Draining                   Conjuration/Necromancy       5
   Bolt of Magma                      Conjuration/Fire/Earth       5


   Skills:
 - Level 3.2 Fighting
 + Level 4.1 Maces & Flails
 - Level 2.1 Armour
 - Level 0.7 Dodging


You had one spell level left.
You didn't know any spells.

Dungeon Overview and Level Annotations

Branches:
Dungeon (1/16)

Altars:


Innate Abilities, Weirdness & Mutations

You are resistant to torment.
You are immune to poison.
Your stone body is very resilient (AC +2).
You resist negative energy.
You are resistant to electric shocks.
You can survive without breathing.
You are immune to petrification.


Message History

You barely miss the hobgoblin.
The hobgoblin is severely wounded.
The giant gecko bites you. The kobold misses you.
The hobgoblin barely misses you. The giant gecko bites you.
* * * LOW HITPOINT WARNING * * *
You are too injured to fight recklessly!
You are too injured to fight recklessly!
You hit the hobgoblin but do no damage.
The hobgoblin is severely wounded.
The kobold closely misses you.
The giant gecko bites you but does no damage.
The hobgoblin hits you but does no damage.
The kobold throws a dart.
The dart hits you!
* * * LOW HITPOINT WARNING * * *
You see here a dart.
You barely miss the kobold. The kobold completely misses you.
The kobold throws a dart.
The dart hits you! The kobold hits you but does no damage.
You closely miss the kobold. The kobold hits you.
You die...

#.. ... #.# #.# . ###
#.###.### #.. #.. ...
....# ## #..####.#
#.# #.#.# #.
#.....#.####.###.#.#
#. #
#...............# #.
#.?.#.l#K.###.###...#
#) #.....gK@.#
#.......# #.
#...#.b#.## #.##..%)#
#[ # #..#.# #.##....#
#> ..!.#.#
#.##...(####.
.......#
#>##....(....
......###
#.########### ##..#
### #.. ### #<##


You could see a giant gecko, a hobgoblin, a bat and 2 kobolds.

Vanquished Creatures
  An ooze (D:1)
  3 hobgoblins (D:1)
  3 kobolds (D:1)
  A bat (D:1)
  2 goblins (D:1)
  3 rats (D:1)
13 creatures vanquished.

Notes
Turn   | Place    | Note
--------------------------------------------------------------
     0 | D:1      | Lektor, the Gargoyle Chaos Knight, began the quest for the Orb.
     0 | D:1      | Reached XP level 1. HP: 14/14 MP: 1/1
   136 | D:1      | Reached XP level 2. HP: 17/19 MP: 2/2
   161 | D:1      | Reached skill level 4 in Maces & Flails
   246 | D:1      | XOM: silly message
   260 | D:1      | XOM: god gift: antique book {god gift}
   261 | D:1      | Identified Xom's Compendium of the Guardian (Xom gifted it to you on level 1 of the Dungeon)
   440 | D:1      | Slain by a kobold

Action                   || total
-------------------------++-------
Melee: Mace              ||    41
